[ AOE2 MATCH · #507818867 ]
UnrankedFranks vs Wei
Player's team · LOSS
Rival team · WIN
[ REPLAY ANALYSIS · EXTRACTED FROM THE RECORDED GAME ]
Feudal
10:22
Castle
22:34
Imperial
—
| APM avg | 46.5 |
| APM peak | 81 |
| eAPM avg | 20.2 |
| Villagers / military | 51 / 32 |
Focus
⚔️ 55.4% · 🌾 44.6%
Archer ×27 · Spearman ×3 · Militia ×2
Feudal
9:43
Castle
20:01
Imperial
—
| APM avg | 86.1 |
| APM peak | 150 |
| eAPM avg | 24.2 |
| Villagers / military | 66 / 3 |
Focus
⚔️ 29.1% · 🌾 70.9%
Unknown (1952) ×41 · Scout Cavalry ×3
Match map
Initial resources + every placement click. Lines = walls · curves = elevation contours. ◆ gold · ⬟ stone · ● berries · ✦ relic · ◌ wall gap
Your base· ✓ Closed at 22:34 · 48t walls · 3 gate(s)
Fs.ShaDoWn's base· ✓ Closed at 20:01 · 53t walls · 1 gate(s)
Smoothed initial terrain · ◌ = detected wall gap · hover for details
Inputs per minute
— Hana - - Fs.ShaDoWn
Build order — Hana
First 150 of 165 actions detected
| 0:00 | Queue | Villager (Male) |
| 0:01 | Queue | Villager (Male) |
| 0:02 | Build | House |
| 0:04 | Build | House |
| 0:04 | Queue | Villager (Male) |
| 0:05 | Queue | Villager (Male) |
| 1:24 | Queue | Villager (Male) |
| 1:47 | Queue | Villager (Male) |
| 1:47 | Queue | Villager (Male) |
| 1:52 | Build | Lumber Camp |
| 2:06 | Queue | Villager (Male) |
| 2:06 | Queue | Villager (Male) |
| 2:57 | Queue | Villager (Male) |
| 2:57 | Queue | Villager (Male) |
| 2:57 | Queue | Villager (Male) |
| 3:39 | Queue | Villager (Male) |
| 3:39 | Queue | Villager (Male) |
| 3:47 | Build | House |
| 3:53 | Build | House |
| 4:12 | Queue | Villager (Male) |
| 4:13 | Queue | Villager (Male) |
| 4:39 | Build | Barracks |
| 4:52 | Queue | Villager (Male) |
| 4:52 | Queue | Villager (Male) |
| 5:13 | Queue | Villager (Male) |
| 5:20 | Build | House |
| 5:38 | Queue | Militia |
| 5:38 | Queue | Militia |
| 5:49 | Queue | Villager (Male) |
| 5:53 | Build | House |
| 6:13 | Queue | Villager (Male) |
| 6:36 | Build | Mill |
| 6:47 | Queue | Villager (Male) |
| 6:48 | Queue | Villager (Male) |
| 7:25 | Queue | Villager (Male) |
| 7:50 | Build | Mining Camp |
| 8:12 | Research | Feudal Age |
| 8:35 | Queue | Villager (Male) |
| 8:51 | Queue | Villager (Male) |
| 9:19 | Queue | Villager (Male) |
| 9:53 | Research | Loom |
| 10:11 | Build | Lumber Camp |
| 10:22 | Age | Feudal Age |
| 10:28 | Queue | Spearman |
| 10:34 | Queue | Villager (Male) |
| 10:46 | Build | Archery Range |
| 10:53 | Queue | Villager (Male) |
| 11:04 | Research | Double-Bit Axe |
| 11:05 | Queue | Villager (Male) |
| 11:12 | Build | House |
| 11:14 | Build | Palisade Wall |
| 11:26 | Queue | Villager (Male) |
| 11:30 | Build | House |
| 11:38 | Queue | Archer |
| 11:45 | Build | Palisade Wall |
| 11:47 | Build | Palisade Wall |
| 11:49 | Queue | Archer |
| 11:56 | Build | House |
| 11:57 | Build | Palisade Wall |
| 12:07 | Queue | Villager (Male) |
| 12:14 | Build | House |
| 12:17 | Build | Palisade Wall |
| 12:19 | Build | Palisade Wall |
| 12:27 | Queue | Archer |
| 12:32 | Build | House |
| 12:34 | Build | Palisade Wall |
| 12:47 | Queue | Archer |
| 12:54 | Queue | Villager (Male) |
| 12:57 | Build | Farm |
| 13:18 | Build | Palisade Wall |
| 13:21 | Build | Palisade Wall |
| 13:22 | Queue | Spearman |
| 13:39 | Queue | Spearman |
| 13:41 | Build | Palisade Wall |
| 13:43 | Build | Palisade Wall |
| 13:44 | Build | Palisade Wall |
| 13:46 | Build | House |
| 13:48 | Build | Palisade Wall |
| 13:52 | Build | Palisade Wall |
| 14:00 | Queue | Villager (Male) |
| 14:03 | Queue | Archer |
| 14:07 | Build | House |
| 14:09 | Build | Palisade Wall |
| 14:10 | Build | Palisade Wall |
| 14:12 | Build | Palisade Wall |
| 14:15 | Build | Palisade Wall |
| 14:16 | Build | Palisade Wall |
| 14:25 | Queue | Villager (Male) |
| 14:34 | Build | Palisade Wall |
| 14:35 | Build | Palisade Wall |
| 14:45 | Build | Palisade Gate |
| 14:48 | Queue | Villager (Male) |
| 14:52 | Build | Farm |
| 14:53 | Build | Farm |
| 15:09 | Build | Farm |
| 15:22 | Queue | Archer |
| 15:22 | Queue | Villager (Male) |
| 15:28 | Build | House |
| 15:50 | Queue | Villager (Male) |
| 15:54 | Build | Farm |
| 15:56 | Queue | Villager (Male) |
| 15:58 | Build | Farm |
| 16:00 | Build | Farm |
| 16:10 | Build | House |
| 16:19 | Build | Farm |
| 16:31 | Build | Palisade Wall |
| 16:38 | Queue | Villager (Male) |
| 16:38 | Queue | Archer |
| 16:41 | Build | Farm |
| 16:45 | Build | Farm |
| 16:51 | Build | Farm |
| 17:06 | Queue | Archer |
| 17:08 | Queue | Villager (Male) |
| 17:11 | Build | Farm |
| 17:18 | Build | Farm |
| 17:32 | Build | Farm |
| 17:49 | Queue | Villager (Male) |
| 17:58 | Build | Farm |
| 18:11 | Queue | Villager (Male) |
| 18:34 | Build | Market |
| 18:41 | Queue | Villager (Male) |
| 18:44 | Build | Farm |
| 18:54 | Queue | Archer |
| 19:05 | Queue | Villager (Male) |
| 19:27 | Build | House |
| 19:38 | Build | Palisade Gate |
| 19:41 | Build | Palisade Gate |
| 19:54 | Research | Castle Age |
| 19:56 | Build | Farm |
| 20:17 | Build | Archery Range |
| 20:27 | Queue | Archer |
| 20:50 | Build | Blacksmith |
| 20:54 | Build | Palisade Wall |
| 20:59 | Queue | Archer |
| 21:00 | Queue | Archer |
| 21:14 | Research | Wheelbarrow |
| 21:22 | Research | Fletching |
| 21:44 | Research | Gold Mining |
| 21:45 | Research | Padded Archer Armor |
| 21:45 | Research | Padded Archer Armor |
| 21:45 | Research | Padded Archer Armor |
| 21:47 | Queue | Archer |
| 21:47 | Queue | Archer |
| 22:03 | Build | House |
| 22:31 | Queue | Archer |
| 22:32 | Queue | Archer |
| 22:34 | Age | Castle Age |
| 22:36 | Research | Crossbowman (upgrade) |
| 22:43 | Build | House |
| 22:51 | Research | Bodkin Arrow |
Build order — Fs.ShaDoWn
First 150 of 189 actions detected
| 0:01 | Queue | Villager (Male) |
| 0:02 | Queue | Villager (Male) |
| 0:02 | Queue | Villager (Male) |
| 0:02 | Queue | Villager (Male) |
| 0:03 | Build | House |
| 0:05 | Build | House |
| 1:33 | Queue | Villager (Male) |
| 1:33 | Queue | Villager (Male) |
| 1:47 | Build | Lumber Camp |
| 1:51 | Queue | Villager (Male) |
| 1:51 | Queue | Villager (Male) |
| 2:27 | Queue | Villager (Male) |
| 2:27 | Queue | Villager (Male) |
| 2:50 | Queue | Villager (Male) |
| 2:50 | Queue | Villager (Male) |
| 3:05 | Queue | Villager (Male) |
| 3:06 | Queue | Villager (Male) |
| 3:40 | Build | House |
| 3:42 | Build | House |
| 3:46 | Queue | Villager (Male) |
| 3:47 | Queue | Villager (Male) |
| 4:07 | Queue | Villager (Male) |
| 4:08 | Queue | Villager (Male) |
| 4:21 | Build | Palisade Wall |
| 4:32 | Queue | Villager (Male) |
| 4:33 | Queue | Villager (Male) |
| 4:52 | Queue | Villager (Male) |
| 4:52 | Queue | Villager (Male) |
| 5:34 | Queue | Villager (Male) |
| 5:43 | Build | Mill |
| 6:04 | Build | House |
| 6:09 | Build | Palisade Wall |
| 6:13 | Queue | Villager (Male) |
| 6:41 | Research | Loom |
| 6:42 | Research | Loom |
| 6:50 | Build | House |
| 6:52 | Build | Palisade Wall |
| 7:08 | Queue | Villager (Male) |
| 7:30 | Research | Feudal Age |
| 7:31 | Research | Feudal Age |
| 7:52 | Build | Lumber Camp |
| 8:02 | Build | Palisade Wall |
| 8:03 | Build | Palisade Wall |
| 8:05 | Build | Palisade Wall |
| 8:07 | Build | Palisade Wall |
| 8:40 | Build | House |
| 9:10 | Queue | Villager (Male) |
| 9:22 | Queue | Villager (Male) |
| 9:39 | Build | Barracks |
| 9:43 | Age | Feudal Age |
| 9:45 | Queue | Villager (Male) |
| 9:59 | Research | Double-Bit Axe |
| 10:00 | Research | Double-Bit Axe |
| 10:41 | Queue | Villager (Male) |
| 10:43 | Build | Stable |
| 11:04 | Build | Palisade Wall |
| 11:10 | Build | Palisade Gate |
| 11:13 | Queue | Villager (Male) |
| 11:25 | Queue | Scout Cavalry |
| 11:25 | Queue | Scout Cavalry |
| 11:36 | Research | Horse Collar |
| 11:42 | Queue | Villager (Male) |
| 11:45 | Build | Farm |
| 11:52 | Queue | Scout Cavalry |
| 11:57 | Build | Farm |
| 12:00 | Build | Farm |
| 12:03 | Build | Farm |
| 12:13 | Queue | Villager (Male) |
| 12:36 | Build | Farm |
| 12:39 | Queue | Villager (Male) |
| 12:41 | Queue | Villager (Male) |
| 12:42 | Queue | Villager (Male) |
| 12:45 | Build | House |
| 12:46 | Build | House |
| 12:51 | Build | Palisade Wall |
| 13:20 | Queue | Villager (Male) |
| 13:21 | Queue | Villager (Male) |
| 13:23 | Build | Farm |
| 13:24 | Build | Farm |
| 13:43 | Queue | Villager (Male) |
| 13:58 | Queue | Villager (Male) |
| 14:00 | Build | Farm |
| 14:01 | Build | Farm |
| 14:01 | Build | Farm |
| 14:03 | Build | Farm |
| 14:26 | Queue | Villager (Male) |
| 14:28 | Build | Farm |
| 14:29 | Build | Farm |
| 14:53 | Build | Archery Range |
| 14:56 | Queue | Villager (Male) |
| 15:14 | Queue | Villager (Male) |
| 15:24 | Build | Mining Camp |
| 15:30 | Queue | Villager (Male) |
| 15:55 | Queue | Villager (Male) |
| 16:17 | Build | Farm |
| 16:49 | Build | Archery Range |
| 17:21 | Research | Castle Age |
| 17:21 | Research | Castle Age |
| 17:27 | Build | Blacksmith |
| 17:51 | Build | Archery Range |
| 18:17 | Build | House |
| 18:18 | Build | House |
| 18:19 | Build | House |
| 18:24 | Build | House |
| 18:25 | Build | House |
| 18:26 | Build | House |
| 18:38 | Research | Bloodlines |
| 19:16 | Queue | Villager (Male) |
| 20:01 | Age | Castle Age |
| 20:02 | Queue | Unit 1952 |
| 20:03 | Queue | Unit 1952 |
| 20:03 | Queue | Unit 1952 |
| 20:03 | Queue | Unit 1952 |
| 20:07 | Research | Fletching |
| 20:07 | Research | Fletching |
| 20:09 | Queue | Villager (Male) |
| 20:13 | Build | Town Center |
| 20:22 | Queue | Villager (Male) |
| 20:30 | Research | Husbandry |
| 20:30 | Research | Husbandry |
| 20:32 | Queue | Unit 1952 |
| 20:33 | Queue | Unit 1952 |
| 20:33 | Queue | Unit 1952 |
| 20:43 | Research | Bodkin Arrow |
| 20:44 | Research | Bodkin Arrow |
| 20:49 | Queue | Villager (Male) |
| 20:54 | Research | Bow Saw |
| 21:13 | Queue | Unit 1952 |
| 21:22 | Queue | Villager (Male) |
| 21:22 | Queue | Villager (Male) |
| 21:22 | Queue | Villager (Male) |
| 21:23 | Queue | Villager (Male) |
| 21:23 | Queue | Villager (Male) |
| 21:24 | Queue | Unit 1952 |
| 21:24 | Queue | Unit 1952 |
| 21:54 | Queue | Unit 1952 |
| 21:54 | Queue | Unit 1952 |
| 21:55 | Queue | Villager (Male) |
| 21:55 | Queue | Villager (Male) |
| 22:01 | Build | House |
| 22:09 | Research | Padded Archer Armor |
| 22:09 | Research | Padded Archer Armor |
| 22:10 | Queue | Unit 1952 |
| 22:11 | Queue | Unit 1952 |
| 22:11 | Queue | Unit 1952 |
| 22:33 | Queue | Unit 1952 |
| 22:33 | Queue | Unit 1952 |
| 22:36 | Queue | Unit 1952 |
| 22:36 | Queue | Unit 1952 |
| 22:37 | Queue | Villager (Male) |
Match timeline
| 4:21 | Fs.ShaDoWn · wall_segment Palisade Wall x7 |
| 4:39 | Hana · first_building Barracks |
| 6:09 | Fs.ShaDoWn · wall_segment Palisade Wall x14 |
| 6:52 | Fs.ShaDoWn · wall_segment Palisade Wall x20 |
| 8:02 | Fs.ShaDoWn · wall_segment Palisade Wall x1 |
| 8:03 | Fs.ShaDoWn · wall_segment Palisade Wall x1 |
| 8:05 | Fs.ShaDoWn · wall_segment Palisade Wall x1 |
| 8:07 | Fs.ShaDoWn · wall_segment Palisade Wall x1 |
| 9:39 | Fs.ShaDoWn · first_building Barracks |
| 9:43 | Fs.ShaDoWn · age_up feudal |
| 10:22 | Hana · age_up feudal |
| 10:43 | Fs.ShaDoWn · first_building Stable |
| 10:46 | Hana · first_building Archery Range |
| 11:04 | Fs.ShaDoWn · wall_segment Palisade Wall x7 |
| 11:14 | Hana · wall_segment Palisade Wall x8 |
| 11:45 | Hana · wall_segment Palisade Wall x2 |
| 11:47 | Hana · wall_segment Palisade Wall x5 |
| 11:57 | Hana · wall_segment Palisade Wall x6 |
| 12:17 | Hana · wall_segment Palisade Wall x5 |
| 12:19 | Hana · wall_segment Palisade Wall x9 |
| 12:34 | Hana · wall_segment Palisade Wall x5 |
| 12:51 | Fs.ShaDoWn · wall_segment Palisade Wall x1 |
| 13:18 | Hana · wall_segment Palisade Wall x1 |
| 13:21 | Hana · wall_segment Palisade Wall x1 |
| 13:41 | Hana · wall_segment Palisade Wall x1 |
| 13:43 | Hana · wall_segment Palisade Wall x1 |
| 13:44 | Hana · wall_segment Palisade Wall x1 |
| 13:48 | Hana · wall_segment Palisade Wall x1 |
| 13:52 | Hana · wall_segment Palisade Wall x1 |
| 14:09 | Hana · wall_segment Palisade Wall x1 |
| 14:10 | Hana · wall_segment Palisade Wall x1 |
| 14:12 | Hana · wall_segment Palisade Wall x1 |
| 14:15 | Hana · wall_segment Palisade Wall x1 |
| 14:16 | Hana · wall_segment Palisade Wall x1 |
| 14:34 | Hana · wall_segment Palisade Wall x1 |
| 14:35 | Hana · wall_segment Palisade Wall x1 |
| 14:53 | Fs.ShaDoWn · first_building Archery Range |
| 16:31 | Hana · wall_segment Palisade Wall x1 |
| 20:01 | Fs.ShaDoWn · age_up castle |
| 20:54 | Hana · wall_segment Palisade Wall x1 |
| 22:34 | Hana · age_up castle |
| 25:32 | Hana · resign |
[ AI ANALYSIS · 1 CREDIT ]
What really happened in this match?
Wolo.gg analyzes every decision: build order, eco, micro, common mistakes by bracket. Personalized analysis on WhatsApp or Discord in 30 seconds.
Civ guide
Franks
Perfil
Hana